 Dungeon Crawl Stone Soup version 0.25-a0-523-g9afb2ee040 (webtiles) character file.

Game seed: 14100018560811341813, levelgen mode: deterministic

25 Esekla the Magician (level 2, -2/15 HPs)
             Began as a Deep Elf Wizard on Feb 18, 2020.
             Slain by a hobgoblin (5 damage)
             ... on level 1 of the Dungeon.
             The game lasted 00:03:56 (501 turns).

Esekla the Magician (Deep Elf Wizard)                Turns: 501, Time: 00:03:56

Health: -2/15      AC:  2    Str:  4    XL:     2   Next: 86%
Magic:  3/10       EV: 13    Int: 22    God:
Gold:   52         SH:  0    Dex: 13    Spells: 9/12 levels left

rFire    . . .     SeeInvis .   o - +4 dagger
rCold    . . .     Gourm    .   (no shield)
rNeg     . . .     Faith    .   a - +0 robe
rPois    .         Spirit   .   b - +0 hat
rElec    .         Reflect  .   (no cloak)
rCorr    .         Harm     .   (no gloves)
MR       .....                  (no boots)
Stlth    ++........             (no amulet)
HPRegen  0.05/turn              (no ring)
MPRegen  0.12/turn              (no ring)

@: no status effects
A: no striking features
a: no special abilities


You were on level 1 of the Dungeon.
You were not hungry.

You visited 1 branch of the dungeon, and saw 1 of its levels.

You collected 52 gold pieces.

Inventory:

Hand Weapons
 o - a +4 dagger (weapon)
Missiles
 c - 6 atropa-tipped darts (quivered)
Armour
 a - a +0 robe (worn)
 b - a +0 hat (worn)
 g - a +0 buckler
Jewellery
 k - an uncursed ring of magical power {unknown}
 n - an uncursed ring of magical power {unknown}
Scrolls
 h - a scroll of identify {unknown}
 i - a scroll of blinking {unknown}
 j - a scroll of fear {unknown}
 m - 2 scrolls of enchant weapon {unknown}
 p - a scroll of remove curse {unknown}
Potions
 e - a potion of lignification {unknown}
 f - a potion of haste {unknown}
 l - a potion of resistance {unknown}
Comestibles
 d - a ration


   Skills:
 * Level 0.3 Short Blades
 * Level 2.6 Dodging
 + Level 2.5 Stealth
 * Level 5.5 Spellcasting
 + Level 1.1 Conjurations
   Level 1.1 Summonings
 * Level 1.1 Translocations


You had 9 spell levels left.
You knew the following spells:

 Your Spells              Type           Power        Failure   Level  Hunger
a - Magic Dart            Conj           ##..         6%          1    None
b - Blink                 Tloc           N/A          10%         2    None

Your spell library contained the following spells:

 Spells                   Type           Power        Failure   Level  Hunger
 Call Imp                 Summ           ##......     10%         2    None
 Slow                     Hex            #.......     14%         2    None
 Conjure Flame            Conj/Fire      #.......     22%         3    ##.....
 Mephitic Cloud           Conj/Pois/Air  #.......     24%         3    ##.....


Dungeon Overview and Level Annotations

Branches:
Dungeon (1/15)

Altars:


Message History

The magic dart hits the jackal but does no damage.
The jackal is almost dead.
The jackal bites you but does no damage.
Casting: Magic Dart (safe; 6% risk of failure)
Confirm with . or Enter, or press ? or * to list all spells.
Aiming: Magic Dart (safe; 6% risk of failure)
Press: ? - help, Shift-Dir - straight line, f/p - jackal
Aim: a jackal (almost dead)
The magic dart hits the jackal.
You kill the jackal!
Casting: Magic Dart (safe; 6% risk of failure)
Confirm with . or Enter, or press ? or * to list all spells.
Okay, then.
You closely miss the hobgoblin. The hobgoblin closely misses you.
You completely miss the hobgoblin.
The hobgoblin hits you but does no damage.
You hit the hobgoblin.
The hobgoblin is moderately wounded.
The hobgoblin hits you.
You die...

#.# ... .. ..........
#.# ..#.#.########.# #.#
....#.... ...... #.# #
#....g#.. ...... #.#
#.#...#.#.# #.#[# #.#
#.#...#.#.# ##.#.# #.# #
#.....#.#.#.......
#.###.###..##.#.#.......
#.##...@g.....#.#.......
#.############>.........
#.# #..........#....[..
#.# #.#############+###
#.# #.# ... #.# #.# ###
#.# #.# ... #.# #.# #..
### #.# #.# ...# ...


You could see a hobgoblin.

Vanquished Creatures
  2 leopard geckos (D:1)
  A giant cockroach (D:1)
  5 goblins (D:1)
  2 hobgoblins (D:1)
  4 jackals (D:1)
  2 bats (D:1)
  A frilled lizard (D:1)
  4 rats (D:1)
21 creatures vanquished.

Notes
Turn   | Place    | Note
-------+----------+-------------------------------------------
     0 | D:1      | Esekla the Deep Elf Wizard began the quest for the Orb.
     0 | D:1      | Reached XP level 1. HP: 10/10 MP: 7/7
   184 | D:1      | Reached skill level 5 in Spellcasting
   220 | D:1      | Reached XP level 2. HP: 15/15 MP: 7/10
   247 | D:1      | Learned a level 2 spell: Blink
   501 | D:1      | Slain by a hobgoblin

Levels and vault maps discovered:
D:1:      psy_arrival_dodecagon, layout_basic, minivault_19

Skill      XL: |  1 |
---------------+----+-----
Spellcasting   | 5 |  5.5
Short Blades   | |  0.3
Dodging        | |  2.6
Stealth        | |  2.5
Conjurations   | |  1.1
Summonings     | |  1.1
Translocations | |  1.1

Action                   || total
-------------------------++-------
Melee: Dagger            ||    11
 Cast: Magic Dart        ||    38
 Stab: Sleeping          ||     2
Armor: Robe              ||     5
Dodge: Dodged            ||    15

Table legend:
 A = Non-vault XP
 B = Vault XP
 C = Vault XP percentage of total XP
 D = Non-vault monster count
 E = Vault monster count
 F = Vault count percentage of total count
                 A         B        C        D         E       F
            +---------+---------+-------+---------+---------+-------
      Total |      37 |       0 |   0.0 |      21 |       0 |   0.0
            +---------+---------+-------+---------+---------+-------
        D:1 |      37 |       0 |   0.0 |      21 |       0 |   0.0
            +---------+---------+-------+---------+---------+-------
